 Dungeon Crawl Stone Soup version 0.23-a0-612-gcb482e9 (console) character file.

112 Duffy the Conjurer (level 4, 33/51 HPs)
             Began as a Demonspawn Fire Elementalist on Dec 21, 2018.
             Quit the game on level 4 of the Dungeon.
             The game lasted 00:01:31 (1232 turns).

Duffy the Conjurer (Demonspawn Fire Elementalist)   Turns: 1232, Time: 00:01:32

Health: 33/51      AC: 22    Str:  8    XL:     4   Next: 64%
Magic:  7/7        EV:  2    Int: 18    God:
Gold:   74         SH:  3    Dex: 13    Spells: 6/7 levels left

rFire    . . .     SeeInvis .   h - +1 hand axe (elec)
rCold    . . .     Gourm    .   (no shield)
rNeg     + + +     Faith    .   (armour currently unavailable)
rPois    +         Spirit   .   (helmet currently unavailable)
rElec    .         Reflect  +   (cloak currently unavailable)
rCorr    .         Harm     .   (gloves currently unavailable)
MR       .....     NoTele   +   (boots currently unavailable)
Stlth    ++........             d - +3 amulet of reflection
HPRegen  0.17/turn              (no ring)
MPRegen  0.10/turn              (no ring)

@: tree-form
A: no striking features
a: no special abilities


You were on level 4 of the Dungeon.
You were not hungry.
You were a tree.
You visited 1 branch of the dungeon, and saw 3 of its levels.

You collected 74 gold pieces.

Inventory:

Hand Weapons
 h - a +1 hand axe of electrocution (weapon)
Armour
 a - a +0 robe (melded)
 g - a +0 helmet (melded)
Jewellery
 d - a +3 amulet of reflection (around neck)
Scrolls
 b - a scroll of enchant weapon {unknown}
 e - a scroll of teleportation {unknown}
 f - a scroll of magic mapping {unknown}
 i - a scroll of immolation {unknown}
Comestibles
 c - 3 rations


   Skills:
 + Level 2.5 Fighting
 - Level 1.7 Dodging
 - Level 1.7 Stealth
 - Level 2.0 Spellcasting
 - Level 3.6 Conjurations
 - Level 2.6 Fire Magic


You had 6 spell levels left.
You knew the following spells:

 Your Spells              Type           Power        Failure   Level  Hunger
h - Flame Tongue          Conj/Fire      ##...        4%          1    #......

Your spell library contained the following spells:

 Spells                   Type           Power        Failure   Level  Hunger
 Throw Flame              Conj/Fire      ##....       8%          2    ###....
 Conjure Flame            Conj/Fire      ##......     16%         3    ###....
 Inner Flame              Hex/Fire       #.......     30%         3    ###....
 Sticky Flame             Conj/Fire      ##......     45%         4    #####..
 Fireball                 Conj/Fire      ##........   80%         5    ######.


Dungeon Overview and Level Annotations

Branches:
Dungeon (2/15)

Altars:


Innate Abilities, Weirdness & Mutations

((You have large cloven feet.))
((Your movements are less encumbered by armour. (ER -4)))


Message History

Purgy is severely wounded.
Purgy bites you but does no damage. Purgy claws you but does no damage. x2
Purgy bites you. Purgy claws you but does no damage. x2
You hit Purgy.
Purgy is almost dead.
Purgy bites you. Purgy claws you but does no damage. x2
You hit Purgy.
You kill Purgy!
Training target 2.6 for Conjurations reached!
Your Fighting skill gained 2 levels and is now at level 2!
Your Conjurations skill increases to level 3!
You have reached level 3!
Your experience leads to an increase in your attributes!
Increase (S)trength, (I)ntelligence, or (D)exterity?
You feel clever.
Your demonic ancestry asserts itself...
You feel less encumbered by your armour.
You have reached level 4!
You feel clever.
Your demonic ancestry asserts itself...
You feel less encumbered by your armour.
Are you sure you want to abandon this character and quit the game? (Confirm

### ..#.#
#.#.# #.#.#
#.#.# #.#.#
#.#.#
##.####%#.#
#.....7...#
#######.###
#.# #.# #.#
#.# #.# #<#


There were no monsters in sight!

Vanquished Creatures
  Purgy (D:4)
  A worm (D:2)
  A leopard gecko (D:1)
  A bat (D:1)
  3 goblins
  6 kobolds
  A quokka (D:2)
  A ball python (D:1)
  A frilled lizard (D:1)
  2 rats
18 creatures vanquished.

Notes
Turn   | Place    | Note
-------+----------+-------------------------------------------
     0 | D:1      | Duffy the Demonspawn Fire Elementalist began the quest for
                  | the Orb.
     0 | D:1      | Reached XP level 1. HP: 13/13 MP: 3/3
   164 | D:1      | You fall through a shaft!
   361 | D:1      | Reached skill level 2 in Conjurations
   506 | D:1      | Gained mutation: You have large cloven feet. [demonic
                  | ancestry]
   506 | D:1      | Reached XP level 2. HP: 13/19 MP: 3/5
  1209 | D:2      | You fall through a shaft for 2 floors!
  1210 | D:4      | Noticed Purgy
  1231 | D:4      | Killed Purgy
  1231 | D:4      | Reached skill level 3 in Conjurations
  1231 | D:4      | Gained mutation: Your movements are slightly less
                  | encumbered by armour. (ER -2) [demonic ancestry]
  1231 | D:4      | Reached XP level 3. HP: 27/28 MP: 6/6
  1231 | D:4      | Gained mutation: Your movements are less encumbered by
                  | armour. (ER -4) [demonic ancestry]
  1231 | D:4      | Reached XP level 4. HP: 33/34 MP: 7/7
  1232 | D:4      | Quit the game

Vault maps used:
D:1:      giann_horns
D:2:      feat_on_display
D:4:      grunt_temple_overflow_open, minmay_temple_entry_sparse_star,
          enter_ossuary_3, first_ration, uniq_purgy

Skill      XL: |  1  2 |
---------------+-------+-----
Conjurations   | 2 3 |  3.6
Fighting       | 2 |  2.5
Dodging        | |  1.7
Stealth        | |  1.7
Spellcasting   | |  2.0
Fire Magic     | |  2.6

Action                   |  1- 3 |  4- 6 || total
-------------------------+-------+-------++-------
Melee: Short sword       |     6 |       ||     6
       Hand axe          |    28 |       ||    28
       Kick              |     3 |       ||     3
 Cast: Flame Tongue      |    20 |       ||    20
  Use: Potion            |     1 |       ||     1
  Eat: Chunk             |     1 |       ||     1
Armor: Skin              |    48 |       ||    48
       Robe              |     3 |       ||     3
Dodge: Dodged            |    19 |       ||    19
Block: Other             |     8 |       ||     8

Table legend:
 A = Non-vault XP
 B = Vault XP
 C = Vault XP percentage of total XP
 D = Non-vault monster count
 E = Vault monster count
 F = Vault count percentage of total count
                 A         B        C        D         E       F
            +---------+---------+-------+---------+---------+-------
      Total |      31 |     130 |  80.7 |      17 |       1 |   5.6
            +---------+---------+-------+---------+---------+-------
        D:1 |      16 |       0 |   0.0 |      10 |       0 |   0.0
        D:2 |      15 |       0 |   0.0 |       7 |       0 |   0.0
        D:4 |       0 |     130 | 100.0 |       0 |       1 | 100.0
            +---------+---------+-------+---------+---------+-------
